 Dungeon Crawl Stone Soup version 0.25-a0-578-gc91f01c39c (webtiles) character file.

Game seed: 12622257556622270986, levelgen mode: deterministic

149 Flugslaktarn the Skirmisher (level 5, 0/47 HPs)
             Began as a Minotaur Fighter on Mar 3, 2020.
             Was an Initiate of Makhleb.
             Slain by a bullfrog (1 damage)
             ... on level 4 of the Dungeon.
             The game lasted 00:00:48 (1354 turns).

Flugslaktarn the Skirmisher (Minotaur Fighter)      Turns: 1354, Time: 00:00:49

Health: 0/47       AC:  7    Str: 19 (22) XL:     5   Next: 9%
Magic:  4/4        EV:  7    Int:  4 (5)  God:    Makhleb [......]
Gold:   88         SH:  9    Dex:  7 (9)  Spells: 4/4 levels left

rFire    . . .     SeeInvis .   a - +0 war axe
rCold    . . .     Gourm    .   c - +0 kite shield
rNeg     . . .     Faith    .   b - +0 scale mail
rPois    .         Spirit   .   (helmet restricted)
rElec    .         Reflect  .   (no cloak)
rCorr    .         Harm     .   (no gloves)
MR       .....                  (no boots)
Stlth    ..........             (no amulet)
HPRegen  0.15/turn              (no ring)
MPRegen  0.09/turn              (no ring)

@: hasted, very quick
A: retaliatory headbutt, horns 2
a: Renounce Religion


You were on level 4 of the Dungeon.
You worshipped Makhleb.
Makhleb was noncommittal.
You were hungry.

You visited 2 branches of the dungeon, and saw 5 of its levels.

You collected 88 gold pieces.

Inventory:

Hand Weapons
 a - a +0 war axe (weapon)
Armour
 b - a +0 scale mail (worn)
 c - a +0 kite shield (worn)
Scrolls
 g - a scroll of enchant armour {unknown}
 j - a scroll of immolation {unknown}
Potions
 d - 2 potions of might
 h - a potion of degeneration
Comestibles
 e - 4 rations


   Skills:
 + Level 4.5 Fighting
 * Level 4.4 Axes
 + Level 4.4 Armour
 + Level 4.5 Shields
 + Level 0.0 Invocations


You had 4 spell levels left.
You didn't know any spells.
Your spell library was empty.

Dungeon Overview and Level Annotations

Branches:
Dungeon (4/15)             Temple (1/1) D:4

Altars:
Ashenzari
Cheibriados
Dithmenos
Gozag
Hepliaklqana
Kikubaaqudgha
Makhleb
Nemelex Xobeh
Okawaru
Ru
Vehumet
Wu Jian
Xom
Yredelemnul
Zin
The Shining One

Annotations:
D:4 1 runed translucent door, Flugslaktarn's ghost, amateur MiFi


Innate Abilities, Weirdness & Mutations

You reflexively headbutt those who attack you in melee.
You have a pair of horns on your head.


Message History

* * * LOW HITPOINT WARNING * * *
You block the bullfrog's attack.
It was a potion of curing.
You feel better. The bullfrog hits you.
* * * LOW HITPOINT WARNING * * *
Unknown command.
You hit the bullfrog.
The bullfrog is heavily wounded.
The bullfrog hits you.
* * * LOW HITPOINT WARNING * * *
You are feeling hungry.
Your shield and scale mail prevent you from hitting the bullfrog.
The bullfrog is heavily wounded.
The bullfrog closely misses you.
You barely miss the bullfrog.
The bullfrog is heavily wounded.
The orc priest calls down the wrath of Beogh upon you.
Beogh smites you!
* * * LOW HITPOINT WARNING * * *
The bullfrog hits you.
You die...

................#
................##
.................#
.................#
........#........#
.......#........##
###
....####........##
#>.###. ...##
#..........#
.......
#...##...#######@#
##.......
##.....#.#
###F###........
#.>..#..#
#..oo##........
#....## ..
#...###o..)......
##...# ....##
##..†...... .##..#
... ##..$....#
...#.## ..
##......# ......#.
. #...### ........
#.##


You could see a bullfrog, an orc priest and 2 orcs.

Vanquished Creatures
  An orc priest (D:3)
  An orc wizard (D:3)
  A worker ant (D:4)
  Robin (D:4)
  A worm (D:3)
  3 dart slugs
  4 orcs
  2 giant cockroaches
  14 goblins
  3 hobgoblins
  4 kobolds (D:1)
  A quokka (D:4)
  A bat (D:3)
  A frilled lizard (D:4)
  2 rats
40 creatures vanquished.

Notes
Turn   | Place    | Note
-------+----------+-------------------------------------------
     0 | D:1      | Flugslaktarn the Minotaur Fighter began the quest for the
                  | Orb.
     0 | D:1      | Reached XP level 1. HP: 19/19 MP: 0/0
   101 | D:1      | Reached XP level 2. HP: 26/27 MP: 1/1
   551 | D:3      | Reached XP level 3. HP: 26/33 MP: 2/2
   563 | D:3      | Reached XP level 4. HP: 26/40 MP: 3/3
   846 | D:4      | Noticed Robin
   858 | D:4      | Killed Robin
  1138 | D:4      | Found a runed translucent door.
  1138 | D:4      | Noticed Flugslaktarn's ghost (amateur MiFi)
  1146 | D:4      | Found a staircase to the Ecumenical Temple.
  1152 | D:4      | Reached XP level 5. HP: 47/47 MP: 4/4
  1157 | Temple   | Entered the Ecumenical Temple
  1293 | Temple   | Became a worshipper of Makhleb the Destroyer
  1354 | D:4      | HP: 1/47 [orc priest/divine providence (7)]
  1354 | D:4      | Slain by a bullfrog

Levels and vault maps discovered:
D:1:      wander_arrival_peaceful_grave, layout_basic
D:2:      layout_loops_corners, eat_drink_and_be_merry_uskayaw,
          gammafunk_temple_overflow_elements, nicolae_ru_the_path_less_chosen,
          uniq_terence, uniq_crazy_yiuf_cottage, uniq_jessica
D:3:      layout_loops_corners, lemuel_doored_altar
D:4:      layout_cave_pods, elyvilon_altar_3, minmay_temple_entry_wispy,
          gammafunk_ghost_grave, uniq_robin
Temple:   kb_temple_of_zot

Skill      XL: |  1  2  3  4 |
---------------+-------------+-----
Axes           | 3 4 |  4.4
Fighting       | 4 |  4.5
Armour         | 4 |  4.4
Shields        | 4 |  4.5

Action                   |  1- 3 |  4- 6 || total
-------------------------+-------+-------++-------
Melee: War axe           |    48 |    37 ||    85
       Headbutt          |     6 |     3 ||     9
  Use: Potion            |       |     3 ||     3
  Eat: Chunk             |       |     1 ||     1
Armor: Scale mail        |    16 |    21 ||    37
Dodge: Dodged            |    13 |    22 ||    35
Block: Kite shield       |    25 |    32 ||    57

Table legend:
 A = Non-vault XP
 B = Vault XP
 C = Vault XP percentage of total XP
 D = Non-vault monster count
 E = Vault monster count
 F = Vault count percentage of total count
                 A         B        C        D         E       F
            +---------+---------+-------+---------+---------+-------
      Total |     180 |      34 |  15.9 |      28 |      12 |  30.0
            +---------+---------+-------+---------+---------+-------
        D:1 |      24 |       0 |   0.0 |      11 |       0 |   0.0
        D:2 |       3 |       0 |   0.0 |       2 |       0 |   0.0
        D:3 |     103 |       0 |   0.0 |       9 |       0 |   0.0
        D:4 |      50 |      34 |  40.5 |       6 |      12 |  66.7
            +---------+---------+-------+---------+---------+-------
